 Dungeon Crawl Stone Soup version 0.27-a0-972-gd1521fd518 (webtiles) character file.

Game seed: 7778175643542571673

249813 wakim the Warrior (level 19, 0/150 HPs)
             Began as a Djinni Venom Mage on Apr 13, 2021.
             Was the Champion of Yredelemnul.
             Killed from afar by a deep elf zephyrmancer (21 damage)
             ... with a bolt of lightning
             ... on level 2 of the Elven Halls.
             The game lasted 02:25:26 (50728 turns).

wakim the Warrior (Djinni Venom Mage)              Turns: 50728, Time: 02:25:26

Health: 0/150      AC: 18    Str: 12    XL:     19   Next: 61%
Gold:   2189       EV: 14    Int: 36    God:    Yredelemnul [******] SH: 21 Dex: 14

rFire    + + .     SeeInvis .   b - staff of poison
rCold    + . .     Faith    .   i - +0 tower shield
rNeg     . . .     Spirit   .   h - +0 acid dragon scales
rPois    ∞         Reflect  +   k - +2 hat {Int+3}
rElec    .         Harm     .   m - +2 cloak {Will+}
rCorr    +         Rampage  .   f - +4 pair of gloves "Qoxu" {Int+3}
Will     +++..                  (boots unavailable)
Stlth    +++++.....             e - amulet of reflection
HPRegen  0.35/turn              g - ring of willpower
MPRegen  0.00/turn              o - ring of Emudwe {Drain rC++ Str+4 Int+6}

@: marked, flying, wreathed by umbra, recalling
A: fire resistance 2, cold vulnerability 1, float, innate caster, hp casting,
extra vitality 1
}: 2/15 runes: decaying, serpentine
a: Renounce Religion, Stop Recall, Injury Mirror, Animate Dead, Drain Life,
Enslave Soul


You were on level 2 of the Elven Halls.
You worshipped Yredelemnul.
Yredelemnul was exalted by your worship.
You visited 8 branches of the dungeon, and saw 35 of its levels.
You also visited: Ossuary.

You collected 3335 gold pieces.
You spent 1146 gold pieces at shops.

Inventory:

Hand Weapons
 a - a +7 demon blade of pain
Armour
 f - the +4 pair of gloves "Qoxu" (worn) {Int+3}
   (You found it on level 1 of the Swamp)

   It affects your intelligence (+3).
 h - +0 acid dragon scales (worn)
 i - a +0 tower shield (worn)
 k - a +2 hat of intelligence (worn)
 m - a +2 cloak of willpower (worn)
Magical Staves
 b - a staff of poison (weapon)
Jewellery
 c - an amulet of faith
 d - a ring of protection from cold
 e - an amulet of reflection (around neck)
 g - a ring of willpower (left hand)
 o - the ring of Emudwe (right hand) {Drain rC++ Str+4 Int+6}
   (You took it off a spriggan rider on level 2 of the Swamp)

   [ring of intelligence]

   It affects your strength (+4).
   It affects your intelligence (+6).
   It greatly protects you from cold.
   It drains your maximum health when unequipped.
 p - a ring of willpower
 q - a ring of fire
 s - a ring of resist corrosion
Wands
 t - a wand of digging (7)
 w - a wand of acid (25)
 x - a wand of charming (19)
 y - a wand of paralysis (21)
Scrolls
 j - 2 scrolls of brand weapon
 l - 6 scrolls of enchant armour
 n - a scroll of enchant weapon
 r - 17 scrolls of identify
 R - 2 scrolls of magic mapping {!r}
 T - 15 scrolls of teleportation
 U - a scroll of fear
 X - 5 scrolls of fog
 Y - 5 scrolls of blinking {!r}
 Z - 2 scrolls of silence {!r}
Potions
 A - a potion of ambrosia
 B - 3 potions of attraction {!q}
 C - 2 potions of berserk rage {!q}
 D - 5 potions of brilliance
 E - 3 potions of cancellation
 F - 14 potions of curing
 H - 4 potions of haste
 I - 3 potions of invisibility
 J - 8 potions of heal wounds
 N - 6 potions of might
 O - a potion of resistance


   Skills:
 * Level 17.9 Fighting
 * Level 10.6 Long Blades
 + Level 7.9 Armour
 + Level 12.6 Dodging
 - Level 6.0 Stealth
 * Level 11.2 Shields
 * Level 15.6 Spellcasting
 - Level 8.0 Invocations


You couldn't memorise any spells.
You knew the following spells:

 Your Spells              Type           Power      Damage    Failure   Level
a - Sting                 Tmut/Pois      100%       1d8       1%          1
b - Ignite Poison         Fire/Tmut/Pois 100%       N/A       1%          3
c - Shock                 Conj/Air       100%       1d9       1%          1
d - Summon Guardian Gole  Hex/Summ       96%        N/A       1%          3
e - Portal Projectile     Hex/Tloc       100%       N/A       1%          3
f - Mephitic Cloud        Conj/Pois/Air  100%       N/A       1%          3
g - Bolt of Magma         Conj/Fire/Erth 48%        4d20      1%          5
h - Dispersal             Tloc           48%        N/A       2%          6
i - Spellforged Servitor  Conj/Summ      48%        N/A       16%         7
j - Starburst             Conj/Fire      48%        8x6d13    2%          6
q - Passwall              Tmut/Erth      80%        N/A       1%          2
x - Poisonous Vapours     Pois/Air       100%       N/A       1%          2
y - Olgreb's Toxic Radia  Pois           100%       N/A       1%          4
z - Summon Lightning Spi  Summ/Air       96%        N/A       1%          4
Your spell library was empty.

Dungeon Overview and Level Annotations

Branches:
Dungeon (15/15)            Temple (1/1) D:7            Lair (6/6) D:9
  Swamp (4/4) Lair:4        Snake (4/4) Lair:2        Slime (0/5) Lair:5
    Orc (2/2) D:10            Elf (2/3) Orc:2        Vaults (0/5) D:13
 Depths (1/5) D:15        Ossuary (visited)

Altars:
Ashenzari
Cheibriados
Dithmenos
Elyvilon
Fedhas
Gozag
Hepliaklqana
Kikubaaqudgha
Makhleb
Nemelex Xobeh
Okawaru
Qazlal
Ru
Sif Muna
Trog
Vehumet
Wu Jian
Xom
Yredelemnul
The Shining One
Beogh

Shops:
D:2 ??[(*   D:4 *   D:5 [   D:11 !   Orc:2 :[**   Elf:2 (

Portals:
Pandemonium: Orc:2


Innate Abilities, Weirdness & Mutations

You are immune to poison.
Your flesh is very heat resistant. (rF++)
You are vulnerable to cold. (rC-)
You float through the air rather than walking.
You learn spells naturally, not from books.
Your magical power is your life essence.
You have superior vitality. (+4 HP)


Message History

Your vampire knight points at itself and mumbles some strange words.
Your vampire knight flickers and vanishes for a moment.
Your skeletal warrior hits the +2 hand axe of freezing with a +0 dire flail!!
The +2 hand axe of freezing hits your ghoul.
The +2 hand axe of freezing completely misses your skeletal warrior.
The +2 hand axe of freezing hits your vampire!
The +2 hand axe of freezing freezes your vampire.
There is a large open door here.
You swap places.
Your vampire knight is recalled.
Your ghoul is recalled.
Your skeletal warrior is recalled.
The +0 vampiric quick blade closely misses your profane servitor.
The +3 long sword of holy wrath hits your bone dragon!
Your bone dragon convulses!
The +0 vorpal flail hits your bone dragon.
The +0 vampiric quick blade closely misses your profane servitor.
Your bone dragon bites the +0 vorpal flail!!
Your bone dragon claws the +0 vorpal flail!
The +0 vorpal flail falls from the air.
Yredelemnul accepts your kill.
The +2 hand axe of freezing hits your ghoul!
The +2 hand axe of freezing freezes your ghoul.
The +4 halberd of venom closely misses your vampire knight.
The +3 long sword of holy wrath hits your bone dragon!!
Your bone dragon convulses!!
Your profane servitor hits the +0 vampiric quick blade with a +2 whip!
Your profane servitor hits the +0 vampiric quick blade with a +2 whip.
The +0 vampiric quick blade falls from the air.
Yredelemnul accepts your kill.
The deep elf zephyrmancer casts a spell at you.
The bolt of lightning hits the +2 hand axe of freezing.
The +2 hand axe of freezing completely resists.
The bolt of lightning hits your ghoul!!
The bolt of lightning hits your bone dragon.
Your bone dragon resists.
The bolt of lightning hits your skeletal warrior!!
The bolt of lightning hits your vampire knight!!
The bolt of lightning hits you!!
You die...
Your body rises from the dead as a mindless zombie.

###############
#.............#
..e........##.............#
........... #..####+####..#
........... #..#.......#..#
....).....+#####.......#..#
.........#+.'.....).)..#..##
.........##A'..........'...#
.........#A@n..........#....
.)...)...(V#####.......#..##
.........zV##..#.......#..#
.......nD(.##..####+####..#
......(()..##.............#
.)..V.(...###.............#
....e..).## ###############
..)).#...# ....###...


You could see a deep elf zephyrmancer (poisoned, ally target), 5 dancing
weapons, a friendly bone dragon, 2 friendly profane servitors, 2 friendly
ghouls, 2 friendly vampire knights, a friendly skeletal warrior and a friendly
vampire.

Vanquished Creatures
  Rupert (D:14)
  A deep elf blademaster (Elf:2)
  Kirke (Swamp:4)
  Donald (Snake:4)
  3 nagarajas (Snake:4)
  A deep elf sorcerer (Elf:2)
  An orc warlord (Orc:2)
  An ironbound preserver (D:13)
  2 bunyips
  A deep elf demonologist (Elf:2)
  A deep elf annihilator (Elf:2)
  5 eleionomae
  Fannar (Lair:3)
  3 ghost crabs
  14 hydras
  6 boulder beetles
  7 naga warriors
  8 anacondas
  An ogre mage (D:15)
  8 alligators
  4 centaur warriors
  A tengu warrior (D:15)
  8 two-headed ogres
  3 death yaks (Lair:6)
  4 dancing weapons
  Urug (Lair:5)
  3 naga sharpshooters (Snake:3)
  3 shock serpents
  7 orc high priests (Orc:2)
  Nergalle (D:12)
  5 deep elf knights
  A sixfirhy (Orc:2)
  A torturous demonspawn (Orc:2)
  A death drake (Swamp:4)
  A skeletal warrior (D:15)
  4 spriggan druids
  3 goliath frogs
  6 swamp dragons
  A naga ritualist (Snake:2)
  7 sea snakes (Snake:4)
  A gelid demonspawn (Orc:2)
  2 bog bodies
  5 deep elf archers
  18 deep elf pyromancers
  A harpy (shapeshifter) (D:13)
  7 orc knights
  17 deep elf zephyrmancers
  A manticore (D:15)
  3 mana vipers
  5 orc sorcerers (Orc:2)
  21 ugly things
  4 will-o-the-wisps
  2 cyclopes (D:13)
  5 salamanders
  2 guardian serpents
  5 naga magi
  13 black mambas
  15 elephants
  9 cane toads
  2 gargoyles
  An unseen horror (D:11)
  A torpor snail (Lair:6)
  11 komodo dragons
  Psyche (D:12)
  A kobold demonologist (D:10)
  5 rime drakes
  A tengu conjurer (D:15)
  A rime drake (shapeshifter) (D:15)
  4 trolls
  A meliai (shapeshifter) (D:13)
  A merfolk (shapeshifter) (D:15)
  A queen bee (Lair:4)
  5 polar bears
  12 hornets
  A hornet (shapeshifter) (D:13)
  6 meliai
  2 slime creatures (D:15)
  Prince Ribbit (D:8)
  8 tyrant leeches
  13 blink frogs
  3 dream sheep (Lair:6)
  A vampire (D:12)
  4 wyverns
  12 spriggans
  An air elemental (Elf:1)
  3 hogs (Swamp:4)
  28 yaks
  A wraith (D:12)
  A human (Swamp:4)
  4 basilisks
  2 steam dragons (D:7)
  3 fire elementals
  10 vampire mosquitoes
  11 swamp worms
  25 nagas
  4 water moccasins
  2 acid dragons
  4 swamp drakes
  A black bear (D:7)
  A hornet zombie (D:4)
  9 ogres
  34 orc warriors
  18 centaurs
  3 wolves
  A phantom (D:7)
  2 kobold brigands
  11 bullfrogs
  2 gnoll sergeants
  A scorpion (D:7)
  2 earth elementals
  A water moccasin skeleton (D:4)
  30 killer bees
  A wight (D:8)
  An electric eel (Lair:2)
  9 howler monkeys
  A bullfrog zombie (D:7)
  A lava snake (D:14)
  A bullfrog skeleton (D:5)
  3 centaur zombies
  3 gnoll shamans
  15 orc priests
  Crazy Yiuf (D:6)
  A centaur skeleton (D:4)
  3 hounds
  4 jellies
  15 orc wizards
  6 iguanas
  3 hell rats
  A hound skeleton (D:5)
  A mummy (Ossuary)
  19 gnolls
  10 adders
  A white imp (D:3)
  An adder skeleton (D:4)
  3 worms
  2 dart slugs
  70 orcs
  12 ball pythons
  5 endoplasms
  2 giant cockroaches
  3 goblins
  10 hobgoblins
  6 jackals (D:2)
  13 kobolds
  4 quokkas
  4 bats
  7 frilled lizards
  4 gnoll skeletons (Ossuary)
  5 kobold skeletons (Ossuary)
  12 orc skeletons (Ossuary)
  8 rats
853 creatures vanquished.

Vanquished Creatures (collateral kills)
  Vashnia (Snake:3)
  8 nagarajas (Snake:4)
  A ghoul (Swamp:2)
  Azrael (Snake:3)
  5 bunyips
  A fire dragon (Lair:6)
  A shambling mangrove (Swamp:4)
  The ghost of Ihous the Champion of Chaos, a journeyman DDFi of Makhleb (D:12)
  11 naga warriors
  A rakshasa (D:13)
  2 ghost crabs
  15 hydras
  3 anacondas
  4 alligators
  A two-headed ogre (D:12)
  A centaur warrior (D:14)
  7 dancing weapons
  3 death yaks
  2 shock serpents
  2 soul eaters (Orc:2)
  13 naga sharpshooters
  A deep elf knight (Elf:2)
  2 skeletal warriors (D:15)
  A salamander mystic (Snake:3)
  A sixfirhy (Orc:2)
  A gelid demonspawn (Orc:2)
  4 sea snakes (Snake:4)
  A deep elf archer (Elf:2)
  3 naga ritualists
  8 swamp dragons
  An orc knight (Orc:2)
  4 deep elf pyromancers
  A deep elf zephyrmancer (Elf:2)
  3 will-o-the-wisps
  4 mana vipers
  A manticore (D:13)
  13 ugly things
  7 oklob plants
  2 salamanders
  9 elephants
  A rust devil (Orc:2)
  A centaur zombie (D:11)
  7 naga magi
  22 black mambas
  3 guardian serpents (Snake:4)
  2 ice statues (Snake:1)
  A rime drake (Lair:1)
  4 cane toads
  A red devil (Orc:2)
  2 polar bears (Lair:6)
  2 tyrant leeches
  4 hornets
  3 slime creatures (D:14)
  4 blink frogs
  A blink frog (shapeshifter) (D:13)
  5 yaks
  5 spriggans
  A ynoxinul (Orc:2)
  A water elemental (Elf:2)
  A vampire (D:9)
  6 wraiths
  6 fire elementals
  2 basilisks
  2 wyverns
  A steam dragon (Lair:6)
  8 vampire mosquitoes
  A warg (Orc:2)
  A swamp worm (Swamp:4)
  2 acid dragons
  9 water moccasins
  27 nagas
  A hell hound (Snake:3)
  8 orc warriors (Orc:2)
  9 swamp drakes
  A wolf (Lair:5)
  2 centaurs
  A phantom (D:5)
  A bullfrog (Lair:5)
  A wyvern zombie (D:8)
  5 killer bees
  4 wights (D:8)
  A crimson imp (D:8)
  A lava snake (D:14)
  9 jellies
  A hound (D:5)
  5 orc priests
  5 hell rats (Lair:3)
  2 killer bee zombies
  A howler monkey zombie (D:9)
  2 gnolls (D:7)
  3 white imps
  An adder skeleton (D:5)
  10 orcs
  15 endoplasms
  2 gnoll skeletons (Ossuary)
  2 orc skeletons (Ossuary)
  3 plants
383 creatures vanquished.

Vanquished Creatures (others)
  A bone dragon (Swamp:4)
  4 ghouls
  4 vampire knights
  A salamander tyrant (Snake:3)
  A spectral guardian serpent (Snake:4)
  3 skeletal warriors
  A deep elf knight (Elf:1)
  3 flayed ghosts
  3 phantasmal warriors
  A mana viper (Snake:1)
  A deep elf zephyrmancer (Elf:2)
  A black mamba (Snake:1)
  9 flying skulls
  4 wraiths
  3 vampires
  2 nagas
  3 wights
  A mummy (Lair:3)
  2 gnoll zombies (D:7)
  2 kobold zombies (D:10)
  A rat zombie (D:1)
  32 foxfires
  63 fungi
  126 plants
272 creatures vanquished.

Grand Total: 1508 creatures vanquished

Notes
Turn   | Place    | Note
-------+----------+-------------------------------------------
     0 | D:1      | wakim the Djinni Venom Mage began the quest for the Orb.
     0 | D:1      | Reached XP level 1. HP: 15/15 MP: 0/0
    44 | D:1      | Found a faded altar of an unknown god.
    54 | D:1      | Became a worshipper of Yredelemnul the Dark
    54 | D:1      | Reached * piety under Yredelemnul
   269 | D:1      | Reached XP level 2. HP: 16/22 MP: 0/0
   456 | D:1      | Reached skill level 1 in Fighting
  1116 | D:1      | Reached XP level 3. HP: 24/27 MP: 0/0
  1116 | D:1      | Learned a level 1 spell: Shock
  2125 | D:2      | Found Elimm's Antique Weapon Shop.
  2227 | D:2      | Found Sarus's Magic Scroll Emporium.
  2256 | D:2      | Reached ** piety under Yredelemnul
  2423 | D:2      | Reached skill level 2 in Fighting
  2563 | D:2      | Found Ruely's Assorted Antiques.
  2695 | D:2      | Reached XP level 4. HP: 29/33 MP: 0/0
  2767 | D:2      | Found Eczom's Armour Shoppe.
  2795 | D:2      | Found Kidoidd's Magic Scroll Boutique.
  3728 | D:3      | Reached XP level 5. HP: 22/39 MP: 0/0
  3728 | D:3      | Learned a level 2 spell: Passwall
  4098 | D:3      | Reached skill level 3 in Fighting
  4745 | D:4      | Reached *** piety under Yredelemnul
  4867 | D:4      | Reached XP level 6. HP: 37/46 MP: 0/0
  5254 | D:4      | Found Keyfonit's Assorted Antiques.
  5685 | D:2      | Bought a +1 hat of intelligence for 160 gold pieces
  5740 | D:4      | Received a gift from Yredelemnul (a wight)
  5740 | D:4      | Reached skill level 4 in Fighting
  5764 | D:4      | Reached XP level 7. HP: 42/52 MP: 0/0
  5764 | D:4      | Learned a level 3 spell: Summon Guardian Golem
  6129 | D:4      | Reached skill level 1 in Invocations
  6321 | D:5      | Entered Level 5 of the Dungeon
  6365 | D:5      | Reached skill level 5 in Spellcasting
  6562 | D:5      | Found a sand-covered staircase.
  6588 | Ossuary  | Entered an ossuary
  6588 | Ossuary  | Noticed a wraith
  6588 | Ossuary  | Noticed a wraith
  6588 | Ossuary  | Noticed a wraith
  6609 | Ossuary  | Received a gift from Yredelemnul (a mummy)
  6670 | Ossuary  | Reached skill level 5 in Fighting
  6963 | Ossuary  | Noticed a wraith
  7029 | Ossuary  | Killed a wraith
  7030 | Ossuary  | Reached XP level 8. HP: 3/59 MP: 0/0
  7654 | D:5      | Found Mausem's Armour Shoppe.
  7962 | D:5      | Reached **** piety under Yredelemnul
  7963 | D:5      | Reached skill level 6 in Fighting
  8843 | D:6      | Reached XP level 9. HP: 60/67 MP: 0/0
  8843 | D:6      | Learned a level 3 spell: Portal Projectile
  8929 | D:6      | Found a runed translucent door.
  8930 | D:6      | Noticed Crazy Yiuf
  8946 | D:6      | Killed Crazy Yiuf
  9946 | D:2      | Bought a scroll labelled WEDOCV QEIKU for 21 gold pieces
  9984 | D:2      | Bought a scroll of identify for 22 gold pieces
 10023 | D:2      | Bought a thin bronze amulet for 105 gold pieces
 10110 | D:2      | Bought a +0 pair of gloves for 45 gold pieces
 10261 | D:7      | Reached skill level 5 in Dodging
 10432 | D:7      | Reached skill level 7 in Fighting
 10475 | D:7      | Found a staircase to the Ecumenical Temple.
 10492 | Temple   | Entered the Ecumenical Temple
 10827 | D:7      | Received a gift from Yredelemnul (2 flying skulls)
 11151 | D:7      | Found a burning altar of Makhleb.
 11595 | D:7      | Found a sparkling altar of Nemelex Xobeh.
 11831 | D:8      | Noticed a boulder beetle
 11837 | D:8      | Noticed a two-headed ogre
 11842 | D:8      | Killed a two-headed ogre
 11842 | D:8      | Killed a boulder beetle
 11842 | D:8      | Received a gift from Yredelemnul (a wight)
 11843 | D:8      | Reached skill level 9 in Fighting
 11843 | D:8      | Reached XP level 10. HP: 62/78 MP: 0/0
 12214 | D:8      | Noticed Prince Ribbit
 12220 | D:8      | Killed Prince Ribbit
 12735 | D:8      | Found a burning altar of Makhleb.
 12844 | D:9      | Found an iron altar of Okawaru.
 12934 | D:9      | Received a gift from Yredelemnul (a wraith)
 12940 | D:9      | Reached skill level 10 in Fighting
 13136 | D:9      | Reached XP level 11. HP: 63/86 MP: 0/0
 13136 | D:9      | Learned a level 4 spell: Summon Lightning Spire
 13402 | D:9      | Found a staircase to the Lair.
 13670 | D:2      | Bought a scroll of identify for 22 gold pieces
 13670 | D:2      | Bought a scroll of identify for 22 gold pieces
 14028 | D:9      | Noticed an oklob plant
 14031 | D:9      | Reached ***** piety under Yredelemnul
 14069 | D:9      | Received a gift from Yredelemnul (a wight)
 14204 | D:9      | Killed an oklob plant
 14433 | D:9      | You are sucked into a shaft and drop 2 floors!
 14862 | D:11     | Found Junoros's Distillery.
 15250 | D:10     | Entered Level 10 of the Dungeon
 15412 | D:10     | Reached skill level 11 in Fighting
 15471 | D:10     | Noticed a two-headed ogre
 15476 | D:10     | Killed a two-headed ogre
 15508 | D:10     | Noticed a soul eater
 15655 | D:10     | Reached skill level 5 in Invocations
 15794 | D:10     | Found a staircase to the Orcish Mines.
 15895 | D:10     | Found a stormy altar of Qazlal.
 16161 | D:10     | Found a white marble altar of Elyvilon.
 16623 | Orc:1    | Entered Level 1 of the Orcish Mines
 16772 | Orc:2    | Entered Level 2 of the Orcish Mines
 16776 | Orc:2    | Found a staircase to the Elven Halls.
 16777 | Orc:2    | Received a gift from Yredelemnul (2 flying skulls)
 16779 | Orc:2    | Reached skill level 1 in Shields
 16802 | Orc:2    | Reached skill level 10 in Spellcasting
 16805 | Orc:2    | Noticed an orc knight
 17078 | Orc:2    | Killed an orc knight
 17085 | Orc:2    | Received a gift from Yredelemnul (5 flying skulls)
 17141 | Orc:2    | Noticed an orc warlord
 17146 | Orc:2    | Killed an orc warlord
 17149 | Orc:2    | Received a gift from Yredelemnul (a phantasmal warrior)
 17150 | Orc:2    | Reached XP level 12. HP: 78/94 MP: 0/0
 17605 | Orc:2    | Found Sismus's General Store.
 17608 | Orc:2    | Received a gift from Yredelemnul (a wraith)
 17616 | Orc:2    | Found Pogink's General Store.
 17617 | Orc:2    | Noticed a soul eater
 17619 | Orc:2    | Received a gift from Yredelemnul (a skeletal warrior)
 17627 | Orc:2    | Killed a soul eater
 17679 | Orc:2    | Reached skill level 12 in Fighting
 17928 | Orc:2    | Received a gift from Yredelemnul (a wraith)
 17951 | Orc:1    | Received a gift from Yredelemnul (a vampire knight)
 18329 | Orc:2    | Noticed a soul eater
 18343 | Orc:2    | Killed a soul eater
 18344 | Orc:2    | Reached skill level 5 in Shields
 18350 | Orc:2    | Noticed an orc high priest
 18354 | Orc:2    | Killed an orc high priest
 18356 | Orc:2    | Noticed an orc high priest
 18358 | Orc:2    | Noticed an orc high priest
 18363 | Orc:2    | Killed an orc high priest
 18364 | Orc:2    | Killed an orc high priest
 18374 | Orc:2    | Noticed an orc high priest
 18378 | Orc:2    | Noticed a soul eater
 18379 | Orc:2    | Noticed a sun demon
 18379 | Orc:2    | Killed an orc high priest
 18380 | Orc:2    | Reached XP level 13. HP: 82/102 MP: 0/0
 18380 | Orc:2    | Learned a level 5 spell: Bolt of Magma
 18399 | Orc:2    | Received a gift from Yredelemnul (a vampire)
 18400 | Orc:2    | Reached skill level 13 in Fighting
 18842 | Orc:2    | Found Vutzoxez's Book Boutique.
 18842 | Orc:2    | Found Pooneif's Antique Armour Shop.
 18843 | Orc:2    | Found a one-way gate leading to the halls of Pandemonium.
 19432 | Lair:1   | Entered Level 1 of the Lair of Beasts
 19621 | Lair:1   | Reached skill level 1 in Long Blades
 20114 | Lair:1   | Received a gift from Yredelemnul (a wraith)
 21592 | Lair:2   | Found a staircase to the Snake Pit.
 21832 | Lair:2   | Identified a scroll of acquirement
 21832 | Lair:2   | Acquired a +2 cloak of willpower
 23070 | Lair:3   | Noticed Fannar
 23074 | Lair:3   | Reached XP level 14. HP: 104/110 MP: 0/0
 23075 | Lair:3   | Killed Fannar
 23174 | Lair:3   | Identified the +4 flail of Akekliash {speed, rF+ MP+9 Str+4
                  | Int+9}
 23933 | Lair:4   | Found a staircase to the Swamp.
 24049 | Lair:4   | Received a gift from Yredelemnul (a vampire knight)
 24414 | Lair:4   | Reached ****** piety under Yredelemnul
 24449 | Lair:4   | Received a gift from Yredelemnul (a skeletal warrior)
 25126 | Lair:4   | Reached skill level 5 in Stealth
 25482 | Lair:4   | Reached skill level 14 in Fighting
 25907 | Lair:5   | Received a gift from Yredelemnul (a flayed ghost)
 26441 | Lair:5   | Found a sacrificial altar of Ru.
 26570 | Lair:5   | Noticed Urug
 26573 | Lair:5   | Killed Urug
 26580 | Lair:5   | Found a staircase to the Slime Pits.
 27050 | Lair:6   | Entered Level 6 of the Lair of Beasts
 27415 | Lair:6   | Reached skill level 10 in Dodging
 27630 | Lair:6   | Reached XP level 15. HP: 65/118 MP: 0/0
 27630 | Lair:6   | Learned a level 6 spell: Dispersal
 27833 | Lair:6   | Reached skill level 1 in Armour
 28179 | Lair:6   | Received a gift from Yredelemnul (a ghoul)
 28307 | Lair:6   | Received a gift from Yredelemnul (a phantasmal warrior)
 28947 | Lair:6   | Received a gift from Yredelemnul (a ghoul)
 29339 | D:12     | Found a runed translucent gate.
 29339 | D:12     | Found a runed translucent gate.
 29472 | D:12     | Noticed Psyche
 29476 | D:12     | Killed Psyche
 29813 | D:12     | Noticed Ihous's ghost (journeyman DDFi)
 29815 | D:12     | Found a runed translucent gate.
 29815 | D:12     | Identified the +1 chain mail "Pyregehu" {Will+ rCorr Dex+3}
 29838 | D:12     | Killed Ihous's ghost
 29848 | D:12     | Identified the +0 pair of gloves of Saf Onk {rC- Will-
                  | Str+2 Int+8}
 30307 | D:12     | Noticed Nergalle
 30314 | D:12     | Killed Nergalle
 30580 | D:13     | Received a gift from Yredelemnul (a phantasmal warrior)
 30811 | D:13     | Reached skill level 5 in Long Blades
 31566 | D:13     | Reached skill level 15 in Fighting
 31938 | D:13     | Found a gate to the Vaults.
 32074 | D:14     | Noticed Rupert
 32079 | D:14     | Received a gift from Yredelemnul (a flayed ghost)
 32082 | D:14     | Killed Rupert
 32083 | D:14     | Reached skill level 5 in Armour
 32083 | D:14     | Reached XP level 16. HP: 79/126 MP: 0/0
 32301 | D:14     | Identified the +1 pair of gloves of Negation {Dex+4}
 32636 | D:14     | Identified the +4 war axe of Valiance {antimagic, Fly rN+
                  | Str+2}
 33243 | D:15     | Entered Level 15 of the Dungeon
 33285 | D:15     | Received a gift from Yredelemnul (a flayed ghost)
 33319 | D:15     | Received a gift from Yredelemnul (a vampire)
 34271 | D:15     | Received a gift from Yredelemnul (a ghoul)
 34832 | D:15     | Found a staircase to the Depths.
 35532 | D:4      | Bought an opal ring for 100 gold pieces
 35532 | D:4      | Bought a scroll of enchant weapon for 150 gold pieces
 35532 | D:4      | Bought a fine helmet for 190 gold pieces
 35532 | D:4      | Identified the +2 helmet "Deolemov" {Str+6} (You bought it
                  | in a shop on level 4 of the Dungeon)
 35532 | D:4      | Bought a potion of heal wounds for 100 gold pieces
 35923 | Depths:1 | Entered Level 1 of the Depths
 36185 | Swamp:1  | Entered Level 1 of the Swamp
 36446 | Swamp:1  | Reached skill level 16 in Fighting
 36692 | Swamp:1  | Identified the +4 pair of gloves "Qoxu" {Int+3}
 37218 | Swamp:2  | Received a gift from Yredelemnul (a skeletal warrior)
 37249 | Swamp:2  | Received a gift from Yredelemnul (a bone dragon)
 37463 | Swamp:2  | Identified the ring of Emudwe {Drain rC++ Str+4 Int+6}
 37467 | Swamp:2  | Received a gift from Yredelemnul (a vampire knight)
 37633 | Swamp:2  | Reached XP level 17. HP: 126/133 MP: 0/0
 37633 | Swamp:2  | Learned a level 7 spell: Spellforged Servitor
 37764 | Swamp:2  | Received a gift from Yredelemnul (a ghoul)
 38666 | Swamp:3  | Received a gift from Yredelemnul (a ghoul)
 39372 | Swamp:4  | Entered Level 4 of the Swamp
 39401 | Swamp:4  | Received a gift from Yredelemnul (a profane servitor)
 39424 | Swamp:4  | Got a decaying rune of Zot
 39632 | Swamp:4  | Noticed Kirke
 39636 | Swamp:4  | Received a gift from Yredelemnul (a vampire knight)
 39639 | Swamp:4  | Killed Kirke
 40052 | Swamp:4  | Received a gift from Yredelemnul (a vampire)
 40795 | Snake:1  | Entered Level 1 of the Snake Pit
 40838 | Snake:1  | Received a gift from Yredelemnul (a ghoul)
 40937 | Snake:1  | Found a frozen archway.
 41183 | Snake:1  | Reached skill level 17 in Fighting
 41228 | Snake:1  | Reached XP level 18. HP: 72/142 MP: 0/0
 42175 | Orc:2    | Bought a +0 tower shield for 58 gold pieces
 42175 | Orc:2    | Bought a scroll of teleportation for 39 gold pieces
 42188 | Orc:2    | Bought a scroll of enchant weapon for 112 gold pieces
 42894 | Snake:2  | Received a gift from Yredelemnul (a vampire knight)
 43793 | Snake:3  | Noticed Vashnia
 43796 | Snake:3  | Received a gift from Yredelemnul (a vampire knight)
 43816 | Snake:3  | Killed Vashnia
 43817 | Snake:3  | Reached skill level 15 in Spellcasting
 44209 | Snake:3  | Received a gift from Yredelemnul (a profane servitor)
 44808 | Snake:3  | Noticed Donald
 44808 | Snake:3  | Noticed Azrael
 44816 | Snake:3  | Killed Azrael
 45146 | Snake:4  | Entered Level 4 of the Snake Pit
 45222 | Snake:4  | Noticed Aizul
 45229 | Snake:4  | Killed Aizul
 45229 | Snake:4  | Enslaved Aizul
 45892 | Snake:4  | Killed Donald
 45900 | Snake:4  | Reached skill level 10 in Shields
 46363 | Snake:4  | Your ally Aizul died
 47271 | Snake:4  | Received a gift from Yredelemnul (a bone dragon)
 47502 | Snake:4  | Received a gift from Yredelemnul (a ghoul)
 47503 | Snake:4  | Reached XP level 19. HP: 116/148 MP: 0/0
 47503 | Snake:4  | Learned a level 6 spell: Starburst
 47778 | Snake:4  | Got a serpentine rune of Zot
 48035 | Elf:1    | Entered Level 1 of the Elven Halls
 48048 | Elf:1    | Reached skill level 10 in Long Blades
 48293 | Elf:1    | Received a gift from Yredelemnul (a phantasmal warrior)
 49549 | Elf:2    | Received a gift from Yredelemnul (a skeletal warrior)
 49927 | Elf:2    | Found Leylou's Weapon Shoppe.
 50316 | Elf:2    | Found a runed translucent gate.
 50316 | Elf:2    | Found a runed translucent gate.
 50316 | Elf:2    | Found a runed translucent gate.
 50718 | Elf:2    | Received a gift from Yredelemnul (a vampire)
 50728 | Elf:2    | Killed from afar by a deep elf zephyrmancer

Illustrated notes

Levels and vault maps discovered:
D:1:      amcnicky_arrival_underground_garden, layout_basic,
          basic_ecumenical_altar, minmay_misc_feat_five,
          amcnicky_mini_corridor_feature, minivault_27,
          minmay_misc_feat_ornament, minmay_tall_x
D:2:      layout_basic, serial_shops, shop, shop, nicolae_shop_waterfront, shop,
          nicolae_shop_waterfront, minmay_split_cup_small
D:3:      layout_loops_ring
D:4:      minmay_skewed_foursquare, layout_loops_ring, serial_shops, shop,
          serial_bayou_lagoon_a, kennysheep_pointless_box
D:5:      cheibrodos_barr_body, layout_loops_ring, lemuel_doored_altar,
          gammafunk_temple_overflow_statue, serial_shops, shop,
          nicolae_ossuary_entry_false_entrances,
          minmay_a_box_with_orc_wizards_in_it
D:6:      layout_basic, uniq_crazy_yiuf_cottage
D:7:      layout_gridville, minmay_temple_entry_junction,
          hangedman_feature_mirror
D:8:      minmay_curly_fans, layout_cave_pools, makhleb_grotto_becter,
          minmay_misc_feat_enclosed, uniq_prince_ribbit1
D:9:      lemuel_slime, layout_gridville, overflow_temple_1_default,
          dpeg_oklobed_lair, minmay_misc_feat_rugged, minmay_fractal_squares_5
D:10:     layout_rooms, marbit_many_paths, nicolae_qazlal_style_of_elements,
          minmay_orc_entry_temple_small, serial_corexii_hall,
          corexii_hall_statues_s, corexii_hall_statues_i
D:11:     layout_loops_ring, serial_shops, shop
D:12:     layout_basic, biasface_ghost_orc_armoury, minmay_fountain_box,
          uniq_psyche, uniq_nergalle
D:13:     layout_basic, skrybe_vaults_entry_preservation, the_bakery
D:14:     layout_loops_ring, minivault_23, kennysheep_boxes, uniq_rupert
D:15:     hangedman_depths_entry_try_elsewhere_first, layout_basic,
          grunt_decor_cap, grunt_ministairs_2
Temple:   regret_index_temple_generic_petals
Lair:1:   layout_layer_cave, cheibrodos_lair_lostbears
Lair:2:   layout_cave_pods, minmay_snake_entry_guardpost_medium,
          lemuel_fruit_tree, serial_bayou_shore_a
Lair:3:   layout_small_grid, lemuel_fruit_fields, serial_bayou_shore_b,
          infiniplex_staircase_pool_2, grunt_megastairs_1, uniq_fannar
Lair:4:   regret_index_harrowing_hell_hive, layout_layer_cave,
          minmay_swamp_entry_worms
Lair:5:   layout_long_grid, minmay_slime_entry_pillars, basic_altar,
          lemuel_fruit_fields, uniq_urug
Lair:6:   guppyfry_lair_end_dragon, layout_cave_pods, minmay_lair_oklob_chamber
Swamp:1:  nicolae_swamp_tree_isthmus, layout_falls_marsh,
          evilmike_swamp_ruin_rubble_1, swamp_pool2
Swamp:2:  layout_falls_marsh, infiniplex_staircase_pool
Swamp:3:  layout_basic_swamp, evilmike_swamp_ruin_house_5
Swamp:4:  swamp, layout_basic_swamp, swamp_pool2, nicolae_swamp_drake_lake,
          uniq_kirke
Snake:1:  layout_onion, portal_ice_cave_entry_ice_statue_two
Snake:2:  layout_cave_shapes
Snake:3:  layout_misc_corridors, basic_altar, grunt_megastairs_3, uniq_donald,
          uniq_vashnia, uniq_azrael
Snake:4:  grunt_snake_rune_pools, layout_cave_town, serial_bayou_pond_e,
          uniq_aizul
Orc:1:    layout_caves
Orc:2:    pf_orc_diabolical, layout_caves, nicolae_orc_tapped_out
Elf:1:    eino_elf_arrival_customs, layout_rooms, minmay_elf_crystal_hexagon
Elf:2:    layout_geoelf_diagonals, serial_shops, nicolae_shop_behind_doors
Depths:1: layout_small_grid, lightli_too_deep, nicolae_trove_entry_diagonal,
          kennysheep_big_empty_room, grunt_ministairs_3,
          nicolae_ashenzari_skybound, uniq_bai_suzhen

Skill      XL: |  1  2  3  4  5  6  7  8  9 10 11 12 13 14 15 16 17 18 19 |
---------------+----------------------------------------------------------+-----
Fighting       | 1 2 3 4 5 6 9 10 11 12 13 14 15 16 17 | 17.9
Spellcasting   | 3 4 5 6 8 9 10 11 12 13 14 15 | 15.6
Stealth        | 2 3 4 5 6 |  6.0
Dodging        | 3 4 6 8 9 10 11 12 | 12.6
Invocations    | 2 3 4 5 6 8 |  8.0
Shields        | 2 6 7 8 9 10 11 | 11.2
Long Blades    | 2 4 5 7 8 9 10 | 10.6
Armour         | 5 6 7 |  7.9

Action                   |  1- 3 |  4- 6 |  7- 9 | 10-12 | 13-15 | 16-18 | 19-21 || total
-------------------------+-------+-------+-------+-------+-------+-------+-------++-------
Melee: Unarmed           |     2 |       |       |       |       |       |       ||     2
       Dagger            |     3 |     6 |       |       |       |       |       ||     9
       Staff             |       |       |     3 |    16 |     4 |    19 |     7 ||    49
       Demon blade       |       |       |       |       |    64 |    29 |     6 ||    99
       Flail             |       |       |       |       |       |     1 |       ||     1
 Cast: Sting             |    18 |     1 |     1 |     6 |     3 |    10 |       ||    39
       Poisonous Vapours |    31 |    42 |    43 |    74 |    48 |    54 |    11 ||   303
       Shock             |     2 |    23 |    92 |    15 |       |       |       ||   132
       Olgreb's Toxic Ra |       |     7 |    14 |    36 |   100 |   101 |    28 ||   286
       Ignite Poison     |       |     8 |    28 |    68 |   122 |    91 |    35 ||   352
       Summon Guardian G |       |       |     1 |     1 |     1 |     4 |       ||     7
       Summon Lightning  |       |       |       |    11 |     8 |     4 |       ||    23
       Bolt of Magma     |       |       |       |       |   100 |   189 |    29 ||   318
       Spellforged Servi |       |       |       |       |       |     1 |       ||     1
Invok: Animate Remains   |     1 |       |       |       |       |       |       ||     1
       Recall Undead Sla |       |       |     1 |     2 |     6 |     6 |     4 ||    19
       Animate Dead      |       |       |     1 |     1 |       |       |       ||     2
       Drain Life        |       |       |       |     7 |     7 |    17 |       ||    31
       Enslave Soul      |       |       |       |       |       |     1 |       ||     1
  Use: Scroll            |       |    10 |    11 |     7 |     4 |     7 |       ||    39
       Potion            |       |       |     1 |       |       |       |       ||     1
 Stab: Sleeping          |       |       |       |       |     3 |     3 |     1 ||     7
       Distracted        |       |       |       |       |       |     2 |       ||     2
Armor: Robe              |     7 |     7 |    16 |    11 |       |       |       ||    41
       Acid dragon scale |       |       |       |     5 |    55 |    73 |    17 ||   150
Dodge: Dodged            |     6 |    15 |    75 |    66 |    83 |   121 |    15 ||   381
Block: Kite shield       |       |       |       |     8 |   156 |   100 |       ||   264
       Reflection        |       |       |       |     2 |    12 |    45 |     7 ||    66
       Tower shield      |       |       |       |       |       |   119 |    62 ||   181
       Rpst.: Demon blade |       |       |       |       |    22 |     9 |       ||    31

Table legend: (Time is in decaauts)
 A = Elapsed time spent in this place.
 B = Non-inter-level travel time spent in this place.
 C = Inter-level travel time spent in this place.
 D = Time resting spent in this place.
 E = Time spent auto-exploring this place.
 F = Levels seen in this place.
 G = Mean time per level.
                   A        B        C        D        E       F      G
               +--------+--------+--------+--------+--------+-----+--------+
         Total |  52123 |  47732 |   4391 |   1777 |  40511 |  36 | 1447.9 |
       Dungeon |  22878 |  20207 |   2671 |    433 |  17432 |  15 | 1525.2 |
        Temple |    280 |    255 |     25 |      0 |    235 |   1 |  280.0 |
          Lair |  10390 |   9666 |    724 |    242 |   8552 |   6 | 1731.7 |
         Swamp |   5566 |   5274 |    292 |      0 |   4698 |   4 | 1391.5 |
     Snake Pit |   6614 |   6203 |    411 |    741 |   4692 |   4 | 1653.5 |
  Orcish Mines |   2874 |   2683 |    191 |    332 |   2035 |   2 | 1437.0 |
   Elven Halls |   2695 |   2621 |     74 |      0 |   2278 |   2 | 1347.5 |
        Depths |      1 |      1 |      0 |      0 |      0 |   1 |    1.0 |
       Ossuary |    821 |    821 |      0 |     29 |    587 |   1 |  821.0 |
               +--------+--------+--------+--------+--------+-----+--------+

Top non-repeatable levels by time:
 Snake:4: 2781 daAuts
  Lair:4: 2192 daAuts
     D:2: 2153 daAuts
    D:15: 2149 daAuts
   Orc:2: 2077 daAuts
     D:9: 1983 daAuts
  Lair:6: 1888 daAuts
     D:4: 1876 daAuts
  Lair:1: 1861 daAuts
 Snake:3: 1719 daAuts
     D:1: 1706 daAuts
 Swamp:4: 1698 daAuts
   Elf:2: 1567 daAuts
    D:13: 1532 daAuts
  Lair:2: 1516 daAuts
